 Dungeon Sprint DCSS version 0.28-a0-1387-g3a22ab9bdc (webtiles) character file.

Game seed: 13894798000097561922

1229 mhtbhm the Carver (level 8, -10/123 HPs)
             Began as a Yellow Draconian Berserker on Jan 2, 2022.
             Was a High Priest of Trog.
             Mangled by Snorg (14 damage)
             ... in the Dungeon (Sprint III: "The Ten Rune Challenge").
             The game lasted 00:01:41 (855 turns).

mhtbhm the Carver (Yellow Draconian Berserker)       Turns: 855, Time: 00:01:42

Health: -10/123    AC:  7    Str: 22    XL:     8   Next: 24%
Magic:  8/8        EV: 14    Int:  7    God:    Trog [*****.]
Gold:   49         SH:  3    Dex: 11    Spells: 7/7 levels left

rFire   . . .      SeeInvis .   a - +0 long sword (holy)
rCold   . . .      Faith    .   h - +0 buckler
rNeg    . . .      Spirit   .   (armour unavailable)
rPois   .          Reflect  .   (helmet restricted)
rElec   .          Harm     .   i - +0 cloak
rCorr   +          Rampage  .   (no gloves)
Will    +....      NoTele   +   (no boots)
Stlth   ..........              (no amulet)
HPRegen 0.30/turn               (no ring)
MPRegen 0.11/turn               (no ring)

@: berserking, short of breath, hasted, very quick
A: spit acid, AC +6, unfitting armour, cold-blooded, acid resistance, stinger 1,
strong-willed 1, mutation resistance 1
a: Breathe Acid, Renounce Religion, Berserk, Trog's Hand, Brothers in Arms


You were in the Dungeon.
You worshipped Trog.
Trog was extremely pleased with you.
You visited 1 branch You collected 49 gold pieces.

Inventory:

Hand Weapons
 a - a +0 long sword of holy wrath (weapon)
 q - a +6 vorpal great sword
Armour
 h - a +0 buckler (worn)
 i - a +0 cloak (worn)
Scrolls
 g - a scroll of blinking
 k - a scroll of immolation {unknown}
 l - a scroll of enchant weapon {unknown}
 m - a scroll of holy word {unknown}
 n - 2 scrolls of identify
Potions
 b - 3 potions of curing
 c - a potion of heal wounds
 e - 2 potions of magic
 f - a potion of berserk rage
 j - a potion of mutation
 o - a potion of resistance {unknown}
 p - 2 potions of flight
Miscellaneous
 r - a piece from Xom's chessboard (15/15)


   Skills:
 + Level 11.2 Fighting
 + Level 12.7 Long Blades
 + Level 8.9 Dodging
 + Level 1.3 Stealth


You had 7 spell levels left.
You didn't know any spells.
Your spell library was empty.

Dungeon Overview and Level Annotations

Branches:
Dungeon (1/1)

Altars:
Cheibriados
Dithmenos
Elyvilon
Fedhas
Gozag
Hepliaklqana
Kikubaaqudgha
Makhleb
Nemelex Xobeh
Okawaru
Qazlal
Ru
Sif Muna
Trog
Uskayaw
Vehumet
Wu Jian
Xom
Yredelemnul
Zin
The Shining One
Beogh
Jiyva
Lugonu

Annotations:
D Snorg


Innate Abilities, Weirdness & Mutations

You can spit globs of acid.
Your golden yellow scales are hard. (AC +6)
You cannot fit into any form of body armour.
You are cold-blooded and may be slowed by cold attacks.
You are resistant to acid. (rCorr)
Your tail ends in a venomous barb.
You are strong-willed. (Will+)
You are somewhat resistant to further mutation.


Message History

Snorg shouts!
Unknown command.
Unknown command.
You feel yourself speed up. Snorg misses you. Snorg barely misses you.
Snorg claws you.
A red film seems to cover your vision as you go berserk!
You feel yourself moving faster!
You feel mighty!
You slash Snorg!
Snorg is moderately wounded.
Snorg closely misses you. You block Snorg's attack. Snorg claws you.
You closely miss Snorg.
Snorg is moderately wounded.
You closely miss Snorg.
Your tail-slap misses Snorg.
Snorg is moderately wounded.
Snorg misses you. You block Snorg's attack. Snorg misses you.
You slash Snorg!
Snorg is moderately wounded.
Snorg goes berserk!
You slice Snorg!!
Your tail-slap misses Snorg.
Snorg is heavily wounded.
You slash Snorg!
Snorg is severely wounded.
Snorg bites you!! Snorg claws you! Snorg misses you.
You slash Snorg! You tail-slap Snorg!
Snorg is poisoned.
Snorg is almost dead.
Snorg bites you!! Snorg misses you. Snorg claws you!
You closely miss Snorg.
Snorg is almost dead.
Snorg bites you!
* * * LOW HITPOINT WARNING * * *
Snorg claws you.
* * * LOW HITPOINT WARNING * * *
Snorg claws you.
* * * LOW HITPOINT WARNING * * *
You hit Snorg.
Snorg is almost dead.
Snorg bites you!!
* * * LOW HITPOINT WARNING * * *
Snorg claws you!
You die...

♣.############
♣.#___#___#__#
♣.#.÷)#__)#._#
♣♣.###'#'###)##
♣♣.#....÷.....#
♣♣.'.⌠........#
♣..#)..######'#
...#.⌠.#__#...#+#####
...#...#__#...#.@≈≈≈+
...#'###__#...#.#T≈§#
...#)::#__#...'.#§§§#
...#___#__'...#.#...#
▓▓▓▓▓▓▓▓▓▓▓▓▓▓▓▓▓▓▓▓▓


You could see Snorg (berserk, poisoned, corroded).

Vanquished Creatures
  A deep elf pyromancer (D)
  A shadow (D)
  A spatial vortex (D)
  A necrophage (D)
  A water elemental (D)
  A jelly (D)
  Crazy Yiuf (D)
  A necromancer (D)
  A wizard (D)
  A kobold demonologist (D)
  3 humans (D)
  2 endoplasms (D)
  2 rats (D)
17 creatures vanquished.

Notes
Turn   | Place    | Note
-------+----------+-------------------------------------------
     0 | D        | mhtbhm the Draconian Berserker began the quest for the Orb.
     0 | D        | Reached XP level 1. HP: 19/19 MP: 1/1
   127 | D        | Reached ** piety under Trog
   159 | D        | Reached skill level 4 in Long Blades
   159 | D        | Reached XP level 2. HP: 21/28 MP: 2/2
   223 | D        | Noticed Crazy Yiuf
   228 | D        | Killed Crazy Yiuf
   229 | D        | Reached skill level 5 in Fighting
   229 | D        | Reached skill level 5 in Long Blades
   229 | D        | Reached XP level 3. HP: 16/36 MP: 3/3
   280 | D        | Gained mutation: You are weak. (Str -2) [potion of
                  | mutation]
   280 | D        | Gained mutation: You are strong-willed. (Will+) [potion of
                  | mutation]
   280 | D        | Gained mutation: You are dopey. (Int -2) [potion of
                  | mutation]
   280 | D        | Gained mutation: You are somewhat resistant to further
                  | mutation. [potion of mutation]
   281 | D        | Lost mutation: You are weak. (Str -2) [potion of mutation]
   281 | D        | Lost mutation: You are dopey. (Int -2) [potion of mutation]
   281 | D        | Gained mutation: Your tail ends in a venomous barb. [potion
                  | of mutation]
   432 | D        | Noticed a water elemental
   437 | D        | Killed a water elemental
   438 | D        | Reached skill level 6 in Long Blades
   438 | D        | Reached skill level 5 in Dodging
   438 | D        | Reached XP level 4. HP: 45/45 MP: 4/4
   469 | D        | Found a radiant altar of Vehumet.
   469 | D        | Found a shimmering blue altar of Sif Muna.
   469 | D        | Found an ancient bone altar of Kikubaaqudgha.
   469 | D        | Noticed a wizard
   474 | D        | Noticed a hellwing
   476 | D        | Reached *** piety under Trog
   480 | D        | Killed a wizard
   481 | D        | Reached skill level 7 in Long Blades
   481 | D        | Reached XP level 5. HP: 51/51 MP: 5/5
   511 | D        | Found a glowing silver altar of Zin.
   511 | D        | Found a glowing golden altar of the Shining One.
   511 | D        | Found a white marble altar of Elyvilon.
   512 | D        | Noticed a deep elf pyromancer
   520 | D        | Killed a deep elf pyromancer
   520 | D        | Reached **** piety under Trog
   521 | D        | Reached skill level 10 in Long Blades
   521 | D        | Reached XP level 6. HP: 66/66 MP: 6/6
   521 | D        | Your scales start taking on a golden yellow colour.
   521 | D        | Reached XP level 7. HP: 71/71 MP: 7/7
   521 | D        | Gained mutation: You are resistant to acid. (rCorr) [Yellow
                  | Draconian growth]
   562 | D        | Found a hide-covered altar of Uskayaw.
   562 | D        | Found an iron altar of Okawaru.
   562 | D        | Found a bloodstained altar of Trog.
   562 | D        | Found an ornate altar of the Wu Jian Council.
   562 | D        | Noticed a human
   562 | D        | Noticed a human
   566 | D        | Killed a human
   567 | D        | Reached skill level 10 in Fighting
   567 | D        | Reached skill level 11 in Long Blades
   572 | D        | Killed a human
   640 | D        | Found a basalt altar of Yredelemnul.
   640 | D        | Found a shadowy altar of Dithmenos.
   640 | D        | Found a sacrificial altar of Ru.
   646 | D        | Reached ***** piety under Trog
   650 | D        | Reached skill level 12 in Long Blades
   788 | D        | Noticed a shadow
   792 | D        | Killed a shadow
   792 | D        | Received a gift from Trog
   793 | D        | Reached XP level 8. HP: 82/82 MP: 8/8
   809 | D        | Found a blossoming altar of Fedhas.
   809 | D        | Found a stormy altar of Qazlal.
   809 | D        | Found a snail-covered altar of Cheibriados.
   809 | D        | Found a burning altar of Makhleb.
   809 | D        | Found a shimmering altar of Xom.
   810 | D        | Found a hazy altar of Hepliaklqana.
   810 | D        | Found an opulent altar of Gozag.
   810 | D        | Found a sparkling altar of Nemelex Xobeh.
   810 | D        | Found a corrupted altar of Lugonu.
   810 | D        | Found a viscous altar of Jiyva.
   823 | D        | Reached skill level 1 in Stealth
   842 | D        | Noticed Snorg
   855 | D        | HP: 4/123 [Snorg (21)]
   855 | D        | Mangled by Snorg

Illustrated notes

Levels and vault maps discovered:
D:        dungeon_sprint_mu [sprint_mu_entry_forest, sprint_mu_temple_rooms,
          sprint_mu_d1_horrors, sprint_mu_d2_genie, sprint_mu_d3_branching,
          sprint_mu_orc_legion, sprint_mu_elf_gauntlet, sprint_mu_hive_nellie,
          sprint_mu_lair_fedhas, sprint_mu_vaults_butterflies,
          sprint_mu_slime_circle, sprint_mu_swamp_cave, sprint_mu_shoals_archi,
          sprint_mu_blade_basic, sprint_mu_crypt_lich, sprint_mu_tomb_spiral,
          sprint_mu_vestibule_basic, sprint_mu_gehenna_hellfire,
          sprint_mu_dis_giant, sprint_mu_tartarus_statrot,
          sprint_mu_cocytus_islands, sprint_mu_zot1]

Skill      XL: |  1  2  3  4  5  6  7  8 |
---------------+-------------------------+-----
Dodging        | 3 4 5 7 8 |  8.9
Fighting       | 4 5 6 9 11 | 11.2
Long Blades    | 4 5 6 7 10 12 | 12.7
Stealth        | 1 |  1.3

Action                   |  1- 3 |  4- 6 |  7- 9 || total
-------------------------+-------+-------+-------++-------
Melee: Falchion          |    19 |    14 |       ||    33
       Tailslap          |     3 |     1 |     9 ||    13
       Long sword        |       |       |    39 ||    39
Invok: Berserk           |     3 |     2 |     2 ||     7
 Abil: Breathe Acid      |       |       |     2 ||     2
  Use: Potion            |     2 |       |     1 ||     3
 Stab: Sleeping          |     1 |       |     1 ||     2
Armor: Skin              |     2 |     2 |     1 ||     5
Dodge: Dodged            |     3 |     3 |    13 ||    19
Block: Buckler           |     1 |       |     2 ||     3

Table legend: (Time is in decaauts)
 A = Elapsed time spent in this place.
 B = Non-inter-level travel time spent in this place.
 C = Inter-level travel time spent in this place.
 D = Time resting spent in this place.
 E = Time spent auto-exploring this place.
 F = Levels seen in this place.
 G = Mean time per level.
                   A        B        C        D        E       F      G
               +--------+--------+--------+--------+--------+-----+--------+
         Total |    902 |    902 |      0 |    616 |      1 |   1 |  902.0 |
       Dungeon |    902 |    902 |      0 |    616 |      1 |   1 |  902.0 |
               +--------+--------+--------+--------+--------+-----+--------+

Top non-repeatable levels by time:
       D: 902 daAuts
